Map: Ruínas de Endion

Players

wocaishisb

  • Race: Zerg Zerg
  • League: Master

TheZergLord - Winner!

  • Race: Zerg Zerg
  • League: Master

VOD

Have the link to the VOD?

Description

Time

  • Played on: May 4, 2016, 11:56 a.m.
  • Length: 10:09
Show
View Real Time Build Order
Export as new Build Order

wocaishisb Zerg 

Build Orders: Hatch First 

Get SALT Encoding   

  12  0:05  Drone  
  13  0:10  Drone  
  14  0:18  Overlord  
  14  0:26  Extractor  
  14  0:27  Drone  
  15  0:37  Drone  
  15  0:38  Drone  
  17  0:55  Hatchery  
  17  0:57  Drone  
  17  1:11  Spawning Pool  
  17  1:12  Extractor  
  17  1:14  Drone  
  17  1:18  Drone  
  17  1:25  Drone  
  18  1:35  Drone  
  19  1:58  Queen  
  21  2:02  Baneling Nest  
  21  2:03  Drone x2  
  21  2:08  Roach Warren, Drone  
  23  2:10  Queen  
  23  2:15  Drone  
  25  2:25  Drone  
  25  2:27  Zergling x2  
  25  2:29  Overlord  
  27  2:31  Drone  
  28  2:49  Roach x2  
  28  2:50  Roach x2  
  36  2:57  Baneling x2  
  36  3:04  Overlord  
  36  3:06  Zergling x2, Extractor  
  37  3:22  Drone x2  
  37  3:24  Drone x4  
  37  3:25  Drone  
  44  3:27  Baneling  
  44  3:32  Overlord  
  43  3:51  Hatchery  
  43  3:53  Baneling  
  43  3:55  Overlord  
  42  3:56  Drone x3  
  42  3:57  Drone x2  
  42  3:58  Drone  
  48  4:04  Drone  
  48  4:05  Drone x2  
  48  4:07  Overlord  
  51  4:11  Extractor  
  51  4:15  Evolution Chamber  
  49  4:21  Drone  
  49  4:22  Drone x2  
  49  4:23  Extractor  
  51  4:28  Drone x3  
  51  4:30  Lair  
  54  4:33  Drone  
  54  4:35  Roach  
  57  4:42  Roach x2  
  57  4:43  Roach  
  57  4:45  Roach  
  65  4:47  Roach  
  67  4:58  Roach  
  67  4:59  Roach x2  
  66  5:02  Roach  
  66  5:06  Roach  
  70  5:07  Overlord, Zergling x2  
  70  5:08  Zergling x4  
  66  5:15  Roach x2  
  66  5:17  Drone  
  66  5:20  Roach  
  64  5:23  Roach  
  60  5:29  Roach  
  60  5:30  Roach  
  60  5:34  Roach  
  63  5:36  Roach  
  63  5:41  Drone  
  63  5:42  Drone x2  
  67  5:43  Drone  
  68  5:51  Extractor, Overseer  
  68  5:52  Drone  
  68  5:53  Drone x2  
  70  5:59  Queen  
  70  6:03  Drone  
  70  6:04  Drone x3  
  76  6:12  Drone x4  
  76  6:13  Drone  
  76  6:17  Zerg Missile Weapons Level 1  
  81  6:21  Overlord  
  81  6:27  Overlord  
  81  6:31  Overlord  
  81  6:34  Overlord  
  81  6:35  Extractor  
  81  6:36  Queen  
  81  6:37  Extractor  
  81  6:44  Overlord  
  81  6:45  Roach x2  
  81  6:46  Roach  
  89  6:47  Roach  
  89  6:50  Roach  
  89  6:51  Roach  
  89  6:53  Overlord  
  93  6:56  Ravager x4  
  93  6:59  Roach  
  99  7:02  Roach  
  99  7:03  Roach  
  99  7:05  Roach  
  99  7:08  Roach x2  
  109  7:11  Roach  
  109  7:13  Roach  
  113  7:17  Overlord  
  113  7:18  Overseer  
  113  7:20  Roach  
  115  7:23  Roach  
  115  7:24  Glial Reconstitution  
  115  7:27  Drone  
  118  7:31  Drone x2  
  118  7:32  Drone  
  121  7:40  Drone  
  121  7:41  Drone x4  
  121  7:42  Drone  
  125  7:46  Drone x2  
  125  7:48  Drone x2  
  129  8:05  Overlord  
  129  8:07  Overlord  
  129  8:08  Overlord  
  129  8:10  Ravager  
  130  8:13  Overlord  
  130  8:15  Overlord  
  130  8:19  Evolution Chamber  
  129  8:20  Ravager  
  129  8:25  Ravager x2  
  129  8:26  Ravager  
  133  8:29  Ravager x5  
  133  8:30  Overlord, Roach  
  133  8:31  Roach x2  
  133  8:32  Roach  
  146  8:34  Hatchery  
  146  8:35  Hydralisk Den  
  146  8:41  Overlord, Roach  
  144  8:42  Roach  
  144  8:43  Roach  
  144  8:44  Roach  
  152  8:50  Roach x2  
  152  8:53  Roach x2  
  152  8:54  Roach  
  160  8:56  Roach  
  160  8:57  Roach  
  160  8:59  Roach  
  166  9:08  Roach x2  
  166  9:13  Roach x3  
  166  9:14  Roach x2  
  166  9:16  Roach x2  
  177  9:21  Roach  
  179  9:25  Roach x2  
  179  9:26  Roach  
  179  9:27  Overlord  
  178  9:43  Roach x2  
  178  9:44  Roach x2  
  178  9:45  Roach  
  150  9:47  Roach  
Show
View Real Time Build Order
Export as new Build Order

TheZergLord Zerg - Winner!

Build Orders: Hatch First 

Get SALT Encoding   

  12  0:01  Drone  
  13  0:13  Overlord  
  13  0:18  Drone  
  14  0:31  Drone x2  
  14  0:35  Drone  
  17  0:52  Hatchery  
  17  0:55  Drone  
  17  1:08  Spawning Pool  
  17  1:10  Extractor  
  15  1:14  Drone  
  15  1:17  Drone  
  17  1:21  Drone  
  18  1:30  Drone  
  19  1:39  Overlord  
  19  1:59  Queen, Zergling x2  
  22  2:02  Drone  
  22  2:04  Queen  
  22  2:05  Drone  
  26  2:12  Drone  
  27  2:16  Drone, Metabolic Boost  
  29  2:22  Drone  
  29  2:27  Drone  
  30  2:33  Drone  
  31  2:37  Drone  
  32  2:46  Hatchery  
  31  2:51  Baneling Nest  
  31  2:55  Drone  
  31  2:56  Drone  
  31  3:01  Overlord  
  31  3:05  Roach Warren  
  31  3:08  Zergling x2  
  31  3:10  Zergling x2  
  33  3:14  Zergling x4  
  36  3:21  Zergling x10  
  36  3:24  Spine Crawler  
  36  3:26  Spine Crawler  
  39  3:30  Overlord  
  39  3:34  Overlord  
  39  3:47  Roach x3  
  42  3:49  Roach  
  42  3:55  Roach x4  
  54  4:01  Roach  
  56  4:07  Roach  
  56  4:08  Zergling x2  
  59  4:15  Overlord  
  59  4:22  Hatchery  
  58  4:36  Drone x6  
  58  4:37  Drone  
  65  4:42  Drone x2  
  65  4:44  Extractor  
  66  4:46  Drone  
  61  5:03  Drone x6  
  59  5:30  Drone  
  59  5:31  Drone x5  
  59  5:35  Lair  
  59  5:36  Queen  
  59  5:40  Extractor  
  59  5:42  Drone  
  57  5:44  Roach  
  57  5:45  Roach  
  57  5:46  Evolution Chamber  
  60  5:50  Roach  
  60  5:53  Roach  
  60  5:54  Roach  
  66  5:59  Roach  
  68  6:06  Roach x2  
  68  6:07  Roach  
  68  6:09  Overlord x3  
  74  6:20  Zerg Missile Weapons Level 1  
  74  6:28  Overlord  
  74  6:29  Drone x5  
  74  6:30  Drone  
  74  6:32  Glial Reconstitution  
  80  6:34  Overseer  
  80  6:36  Drone x2  
  80  6:37  Drone x2  
  84  6:40  Drone  
  84  6:41  Extractor, Drone x4  
  84  6:42  Extractor  
  84  6:46  Extractor  
  86  6:57  Roach x2  
  86  6:58  Roach x4  
  98  7:03  Drone x2  
  98  7:04  Drone x3  
  103  7:14  Roach x2  
  106  7:17  Pneumatized Carapace  
  106  7:18  Overlord x5  
  106  7:39  Roach x2  
  106  7:40  Roach x10  
  106  7:42  Ravager x3  
  131  7:47  Roach x2  
  131  7:54  Roach  
  133  8:03  Roach x6  
  145  8:09  Overlord  
  145  8:10  Overlord x4  
  145  8:30  Roach x4  
  145  8:31  Roach x5  
  163  8:38  Roach x5  
  163  8:40  Ravager  
  175  8:41  Ravager  
  175  8:54  Overlord x3  
  175  8:55  Roach x2  
  179  8:56  Roach x2  
  179  8:57  Ravager x2  
  179  8:58  Ravager  
  183  9:15  Roach x8  
  199  9:19  Ravager  
  164  9:48  Roach  
  164  9:49  Roach x15  
Tags
 
Add a new tag
Caveats
  • Supply blocks, unpowered buildings, or Contaminate may cause inaccurate times.
  • Supply counts are checked every 10 seconds.